 Dungeon Crawl Stone Soup version 0.21.1-1-g345015f (webtiles) character file.

30557 dvd the Brawler (level 13, -4/120 HPs)
             Began as a Troll Monk on July 12, 2018.
             Was an Elder of Makhleb.
             Killed from afar by a rime drake (27 damage)
             ... with a flash freeze
             ... on level 3 of the Lair of Beasts.
             The game lasted 00:30:55 (11557 turns).

dvd the Brawler (Troll Monk)                       Turns: 11557, Time: 00:30:56

Health: -4/120     AC:  8    Str: 24    XL:     13   Next: 21%
Magic:  23/23      EV: 14    Int:  8    God:    Makhleb [****..]
Gold:   755        SH:  5    Dex: 14    Spells: 13/15 levels left

rFire    . . .     SeeInvis +     - Unarmed
rCold    . . .     Gourm    +   (no shield)
rNeg     + . .     Faith    .   a - +0 robe
rPois    .         Spirit   .   k - +2 hat {SInv}
rElec    .         Reflect  +   M - +0 cloak
rCorr    .         Harm     .   (gloves unavailable)
MR       .....     Clarity  +   (boots unavailable)
Stlth    ++........             i - +5 amulet of reflection
HPRegen  0.70/turn              n - ring of positive energy
MPRegen  0.18/turn              j - ring of magical power

@: lethally poisoned (-4 -> -5)
A: large, unfitting armour, claws 3, clarity, clever 1, fast metabolism 3,
gourmand, regeneration 1, screaming 1, shaggy fur 1, tough skin 2, sturdy frame
1
a: Minor Destruction, Lesser Servant of Makhleb, Major Destruction, Renounce
Religion


You were on level 3 of the Lair of Beasts.
You worshipped Makhleb.
Makhleb was greatly pleased with you.
You were completely stuffed.

You visited 3 branches of the dungeon, and saw 14 of its levels.

You collected 755 gold pieces.

Inventory:

Missiles
 I - 7 javelins (quivered)
 P - a tomahawk
Armour
 a - a +0 robe (worn)
 k - a +2 hat of see invisible (worn)
 M - a +0 cloak (worn)
Jewellery
 d - an uncursed ring of stealth
 i - a +5 amulet of reflection (around neck)
 j - a ring of magical power (right claw)
 n - a ring of positive energy (left claw)
 v - an uncursed amulet of guardian spirit
 C - an uncursed ring of see invisible
Wands
 q - a wand of iceblast (12)
 A - a wand of clouds (8)
 H - a wand of paralysis (14)
 L - a wand of scattershot (9)
Scrolls
 e - 5 scrolls of remove curse
 f - 11 scrolls of identify
 h - a scroll of magic mapping
 l - a scroll of amnesia
 m - 4 scrolls of teleportation
 p - a scroll of fog
 y - 2 scrolls of immolation
 E - 2 scrolls of blinking
Potions
 g - a potion of brilliance
 o - a potion of mutation
 s - 2 potions of cancellation
 t - 3 potions of berserk rage
 w - 4 potions of haste
 B - 5 potions of curing
 F - a potion of invisibility
Books
 r - a book of Cantrips

   Spells                             Type                      Level
   a - Confusing Touch                Hexes                        1
   b - Animate Skeleton               Necromancy                   1
   c - Summon Small Mammal            Summoning                    1
   d - Apportation                    Translocation                1
 x - the Incunabulum of Sinister Clay
   (You found it on level 4 of the Dungeon)

   Spells                             Type                      Level
   a - Sandblast                      Earth                        1
   b - Regeneration                   Charms/Necromancy            3
   c - Vampiric Draining              Necromancy                   3
   d - Petrify                        Transmutation/Earth          4
   e - Bolt of Magma                  Conjuration/Fire/Earth       5
 N - a book of Conjurations

   Spells                             Type                      Level
   a - Magic Dart                     Conjuration                  1
   b - Searing Ray                    Conjuration                  2
   c - Dazzling Spray                 Conjuration/Hexes            3
   d - Fulminant Prism                Conjuration/Hexes            4
   e - Force Lance                    Conjuration/Translocation    4
   f - Iskenderun's Mystic Blast      Conjuration                  4
 O - a book of Minor Magic

   Spells                             Type                      Level
   a - Magic Dart                     Conjuration                  1
   b - Blink                          Translocation                2
   c - Call Imp                       Summoning                    2
   d - Slow                           Hexes                        2
   e - Conjure Flame                  Conjuration/Fire             3
   f - Mephitic Cloud                 Conjuration/Poison/Air       3
 Q - a Young Poisoner's Handbook

   Spells                             Type                      Level
   a - Sting                          Conjuration/Poison           1
   b - Poisonous Vapours              Poison/Air                   2
   c - Mephitic Cloud                 Conjuration/Poison/Air       3
   d - Olgreb's Toxic Radiance        Poison                       4
   e - Venom Bolt                     Conjuration/Poison           5
Comestibles
 b - 16 rations
 c - 11 chunks of flesh


   Skills:
 + Level 5.9 Fighting
 + Level 8.7 Throwing
 + Level 2.4 Armour
 + Level 7.9 Dodging
 - Level 2.1 Stealth
 + Level 15.0 Unarmed Combat
 + Level 1.9 Spellcasting
 + Level 2.2 Translocations
 + Level 3.2 Invocations


You had 13 spell levels left.
You knew the following spells:

 Your Spells              Type           Power        Failure   Level  Hunger
a - Blink                 Tloc           N/A          22%         2    ###....


Dungeon Overview and Level Annotations

Branches:
Dungeon (10/15)            Temple (1/1) D:7            Lair (3/6) D:10
 Spider (0/4) Lair:2          Orc (0/2) D:9
  Swamp: Lair:2-4    Shoals: Lair:2-4

Altars:
Ashenzari
Cheibriados
Dithmenos
Elyvilon
Fedhas
Gozag
Hepliaklqana
Kikubaaqudgha
Makhleb
Nemelex Xobeh
Okawaru
Qazlal
Ru
Sif Muna
Trog
Uskayaw
Vehumet
Wu Jian
Xom
Yredelemnul
Zin
The Shining One
Beogh

Annotations:
Lair:3 w0lly's ghost, journeyman DsBe


Innate Abilities, Weirdness & Mutations

You are too large for most types of armour.
You have claws for hands.
Your metabolism is lightning-fast.
You like to eat raw meat.
Your natural rate of healing is unusually fast.
You are covered in fur. (AC +1)
You have very tough skin. (AC +2)
You possess an exceptional clarity of mind.
Your mind is acute. (Int +2)
You occasionally shout uncontrollably at your foes.
Your movements are slightly less encumbered by armour. (ER -2)


Message History

Something closely misses your neqoxec.
Your neqoxec closely misses w0lly's ghost.
The crocodile bites your neqoxec!
You feel sick.
Your neqoxec gestures.
You feel sick. The blink frog hits you!
* * * LOW HITPOINT WARNING * * *
The blink frog blinks!
Your neqoxec hits the crocodile!
A rime drake comes into view.
You feel sick.
The rime drake moves out of view.
The bullfrog hits your neqoxec!
Your neqoxec dies!
Your white imp disappears in a puff of smoke!
You feel sick.
You feel sick.
The rime drake bites something.
You feel sick.
The rime drake hisses angrily.
The rime drake breathes ice at you. The flash freeze hits you!
You die...

.... .P.##..#...##
## ...F§
##.###..##.#
.....##.......PP.#
...F.#.§#....P..##
....(.F...F..P....#
.#.#.#..#t..#.##..#
#.###.W.### ## ###
#.F## #P@# ##..#
..## #..# #.k# ...#
##P# ###


You could see a blink frog, a rime drake, a crocodile, a bullfrog and w0lly's
ghost.

Vanquished Creatures
  A catoblepas (Lair:2)
  Erica (Lair:2)
  3 two-headed ogres
  3 manticores (D:10)
  6 elephants (Lair:2)
  A gargoyle (D:9)
  4 spiny frogs
  The ghost of Wendigo the Covert, a novice GnWn of Zin (D:4)
  2 komodo dragons (Lair:2)
  2 trolls (D:9)
  Grinder (D:3)
  7 polar bears
  5 hippogriffs
  2 dream sheep (D:10)
  20 yaks
  Eustachio (D:5)
  Sigmund (D:2)
  A hog (D:10)
  A hungry ghost (D:10)
  Edmund (D:6)
  7 water moccasins
  An orc warrior (D:8)
  3 phantoms
  3 sky beasts
  An ice beast (D:4)
  A necrophage (D:10)
  5 black bears
  5 ogres
  8 wolves
  4 centaurs
  10 crocodiles
  Blork the orc (D:6)
  A big kobold (D:10)
  9 bullfrogs
  7 scorpions
  4 howler monkeys
  3 crimson imps
  A quasit (D:7)
  2 bullfrog zombies
  A centaur zombie (D:6)
  5 hounds
  A jelly (D:10)
  9 orc priests
  A gnoll shaman (D:7)
  4 iguanas
  7 worker ants
  4 orc wizards
  A killer bee zombie (D:9)
  2 hound zombies
  A hound skeleton (D:9)
  A worker ant zombie (D:5)
  Robin (D:2)
  7 gnolls
  20 adders
  4 shadow imps
  An ooze (D:3)
  An adder skeleton (D:9)
  3 worms
  2 dart slugs
  5 leopard geckos
  58 orcs
  8 bats
  5 giant cockroaches
  19 goblins
  6 hobgoblins
  12 jackals
  7 kobolds
  7 quokkas
  3 ball pythons
  A ball python zombie (D:3)
  A frilled lizard (D:3)
  13 rats
361 creatures vanquished.

Vanquished Creatures (others)
  2 fungi
  A plant (Lair:3)
3 creatures vanquished.

Grand Total: 364 creatures vanquished

Notes
Turn   | Place    | Note
-------+----------+-------------------------------------------
     0 | D:1      | dvd the Troll Monk began the quest for the Orb.
     0 | D:1      | Reached XP level 1. HP: 22/22 MP: 0/0
    47 | D:1      | Found a shimmering altar of Xom.
   173 | D:1      | Reached XP level 2. HP: 29/29 MP: 1/1
   734 | D:2      | Noticed Sigmund
   820 | D:2      | Reached XP level 3. HP: 36/36 MP: 2/2
   914 | D:2      | Found a sacrificial altar of Ru.
  1131 | D:2      | Reached XP level 4. HP: 38/44 MP: 3/3
  1214 | D:2      | Killed Sigmund
  1214 | D:2      | Reached skill level 4 in Unarmed Combat
  1214 | D:2      | Reached XP level 5. HP: 43/52 MP: 4/4
  1312 | D:2      | Found a blossoming altar of Fedhas.
  1424 | D:2      | Noticed Robin
  1485 | D:2      | Killed Robin
  1585 | D:3      | Reached XP level 6. HP: 61/61 MP: 5/5
  1673 | D:3      | Noticed Grinder
  1682 | D:3      | Paralysed by Grinder for 5 turns
  1782 | D:3      | Killed Grinder
  1782 | D:3      | Reached skill level 5 in Unarmed Combat
  1843 | D:3      | Reached skill level 1 in Throwing
  1843 | D:3      | Reached skill level 6 in Unarmed Combat
  1843 | D:3      | Reached XP level 7. HP: 67/67 MP: 6/6
  2582 | D:4      | Identified the Incunabulum of Sinister Clay
  2645 | D:4      | Noticed Wendigo's ghost (novice GnWn)
  2873 | D:4      | Killed Wendigo's ghost
  2873 | D:4      | Reached skill level 7 in Unarmed Combat
  2873 | D:4      | Reached XP level 8. HP: 40/75 MP: 7/7
  3298 | D:4      | Reached skill level 8 in Unarmed Combat
  3482 | D:4      | Found a snail-covered altar of Cheibriados.
  3626 | D:5      | Entered Level 5 of the Dungeon
  4145 | D:5      | Found a sparkling altar of Nemelex Xobeh.
  4163 | D:5      | Reached skill level 9 in Unarmed Combat
  4250 | D:5      | Noticed Eustachio
  4253 | D:5      | Killed Eustachio
  4278 | D:5      | Reached XP level 9. HP: 80/84 MP: 8/8
  4405 | D:6      | Found a radiant altar of Vehumet.
  4464 | D:6      | Noticed Edmund
  4514 | D:6      | Noticed Blork the orc
  4520 | D:6      | Killed Blork the orc
  4697 | D:6      | Found a glowing golden altar of the Shining One.
  4767 | D:6      | Killed Edmund
  4821 | D:6      | Found a shimmering altar of Xom.
  4831 | D:6      | Found a bloodstained altar of Trog.
  4934 | D:7      | Reached skill level 10 in Unarmed Combat
  4961 | D:7      | Reached skill level 5 in Dodging
  5139 | D:7      | Found a staircase to the Ecumenical Temple.
  5272 | D:7      | Reached skill level 5 in Throwing
  5380 | D:7      | Found an ornate altar of the Wu Jian Council.
  5917 | D:8      | Learned a level 2 spell: Blink
  6048 | D:8      | Reached XP level 10. HP: 92/92 MP: 9/9
  6201 | D:8      | Reached skill level 11 in Unarmed Combat
  6773 | D:9      | Noticed a two-headed ogre
  6801 | D:9      | Killed a two-headed ogre
  6801 | D:9      | Reached skill level 12 in Unarmed Combat
  6951 | D:9      | Found a roughly hewn altar of Beogh.
  7103 | D:9      | Noticed a gargoyle
  7120 | D:9      | Killed a gargoyle
  7165 | D:9      | Noticed a two-headed ogre
  7176 | D:9      | Killed a two-headed ogre
  7639 | D:9      | Found a staircase to the Orcish Mines.
  7759 | D:10     | Entered Level 10 of the Dungeon
  7778 | D:10     | Reached XP level 11. HP: 82/101 MP: 10/10
  7877 | Temple   | Entered the Ecumenical Temple
  7955 | Temple   | Became a worshipper of Makhleb the Destroyer
  7955 | Temple   | Reached * piety under Makhleb
  7955 | Temple   | Reached ** piety under Makhleb
  8164 | D:10     | Found a staircase to the Lair.
  8203 | D:10     | Found a huge runed gate.
  8206 | D:10     | Found a huge runed gate.
  8208 | D:10     | Found a huge runed gate.
  8560 | D:10     | Gained mutation: You possess an exceptional clarity of mind. [potion of mutation]
  8560 | D:10     | Gained mutation: You occasionally shout uncontrollably at your foes. [potion of mutation]
  8560 | D:10     | Gained mutation: Your mind is acute. (Int +2) [potion of mutation]
  8560 | D:10     | Gained mutation: Your movements are slightly less encumbered by armour. (ER -2) [potion of mutation]
  8562 | D:10     | Reached skill level 5 in Fighting
  8562 | D:10     | Reached skill level 1 in Spellcasting
  8562 | D:10     | Reached XP level 12. HP: 111/111 MP: 13/13
  8727 | D:10     | Found a huge runed gate.
  8737 | D:10     | Noticed a two-headed ogre
  8742 | D:10     | Killed a two-headed ogre
  8742 | D:10     | Reached skill level 13 in Unarmed Combat
  9620 | Lair:1   | Entered Level 1 of the Lair of Beasts
  9832 | Lair:1   | Reached *** piety under Makhleb
 10070 | Lair:1   | Reached skill level 14 in Unarmed Combat
 10658 | Lair:2   | Noticed Erica
 10676 | Lair:2   | Killed Erica
 10719 | Lair:2   | Reached XP level 13. HP: 95/120 MP: 14/14
 11166 | Lair:2   | Found a hole to the Spider Nest.
 11420 | Lair:3   | Reached **** piety under Makhleb
 11539 | Lair:3   | Noticed w0lly's ghost (journeyman DsBe)
 11545 | Lair:3   | Reached skill level 15 in Unarmed Combat
 11557 | Lair:3   | Killed from afar by a rime drake

Skill      XL: |  1  2  3  4  5  6  7  8  9 10 11 12 13 |
---------------+----------------------------------------+-----
Dodging        | 3 4 5 6 7 |  7.9
Stealth        | 2 |  2.1
Unarmed Combat | 4 6 7 9 10 12 14 15 | 15.0
Fighting       | 3 4 5 |  5.9
Throwing       | 1 2 3 5 6 7 8 |  8.7
Armour         | 2 |  2.4
Spellcasting   | 1 |  1.9
Translocations | 2 |  2.2
Invocations    | 2 3 |  3.2

Action                   |  1- 3 |  4- 6 |  7- 9 | 10-12 | 13-15 || total
-------------------------+-------+-------+-------+-------+-------++-------
Melee: Unarmed           |    68 |   111 |   312 |   433 |    69 ||   993
       Punch             |       |     3 |    15 |    25 |     7 ||    50
Throw: Tomahawk          |       |     8 |    71 |    42 |    13 ||   134
       Javelin           |       |       |    24 |    40 |     9 ||    73
Invok: Minor Destruction |       |       |       |     3 |       ||     3
       Lesser Servant of |       |       |       |     1 |     1 ||     2
  Use: Potion            |       |       |     2 |    10 |       ||    12
       Scroll            |       |       |       |    17 |       ||    17
 Stab: Sleeping          |     8 |     1 |     8 |     6 |       ||    23
  Eat: Chunk             |    16 |     6 |    38 |    40 |    11 ||   111
Armor: Robe              |    23 |    32 |    65 |    92 |    18 ||   230
Dodge: Dodged            |    30 |    52 |   155 |   227 |    35 ||   499
Block: Other             |       |       |       |    27 |     9 ||    36
